 Dungeon Crawl Stone Soup version 0.28.0-53-g5a82cb258f (webtiles) character file.

Game seed: 15692219849853849312

199564 mcbry74 the Severer (level 17, -10/175 HPs)
             Began as a Minotaur Fighter on July 20, 2022.
             Was a Believer of Zin.
             Mangled by a rockslime (15 damage)
             ... created by the all-consuming vengeance of Jiyva
             ... on level 2 of the Swamp on July 21, 2022.
             The game lasted 02:21:10 (33162 turns).

mcbry74 the Severer (Minotaur Fighter)             Turns: 33162, Time: 02:21:11

Health: -10/175    AC: 26    Str: 18 (19) XL:     17   Next: 85%
Magic:  7/7        EV:  8    Int:  8 (9)  God:    Zin [**....]
Gold:   159        SH: 14    Dex: 13      Spells: 16/16 levels left

rFire   + + +      SeeInvis +   k - +4 hand axe of the Trees {flame, rElec rC+ Will+++ MP-9}
rCold   + + .      Faith    .   K - +2 kite shield {rC+}
rNeg    . . .      Spirit   .   U - +5 plate armour of the Evening {Dex+3}
rPois   +          Reflect  .   S - +1 hat
rElec   +          Harm     .   p - +0 cloak
rCorr   +          Rampage  .   Q - +0 pair of gloves
Will    ++++.      Rage     1%  c - +2 pair of boots of Fuxtem {rElec rCorr Str-4}
Stlth   ..........              (no amulet)
HPRegen 0.00/turn               X - ring "Ziem" {rF+ Slay+3}
MPRegen 0.10/turn               C - +4 ring of slaying

@: very slightly contaminated, inhibited regen
A: horns 2, retaliatory headbutt, iridescent scales 1, see invisible, berserk 1,
deformed body, deterioration 1, dopey 1, fire resistance 2, mutation resistance
1, poison resistance, robust 2, inhibited regeneration, jelly sensing items
}: 1/15 runes: slimy
a: Renounce Religion, Recite, Vitalisation, Donate Gold


You were on level 2 of the Swamp.
You worshipped Zin.
Zin was pleased with you.
You visited 6 branches of the dungeon, and saw 32 of its levels.
You visited 1 bazaar.
You also visited: Sewer, Gauntlet, Ice Cave and Volcano.

You collected 1135 gold pieces.
You spent 928 gold pieces at shops.
You donated 48 gold pieces to Zin.

Inventory:

Hand Weapons
 k - the +4 hand axe of the Trees (weapon) {flame, rElec rC+ Will+++ MP-9}
   (You found it on level 2 of the Dungeon)

   It burns those it strikes, dealing additional fire damage.
   Big, fiery blades are also staple armaments of hydra-hunters.
   rC:        It protects you from cold.
   rElec:     It insulates you from electricity.
   MP:        It affects your magic capacity (-9).
   Will:      It greatly increases your willpower.
 q - a +0 broad axe of electrocution
 u - a +1 broad axe of electrocution
 v - a +1 eveningstar of protection
 W - a +2 morningstar of holy wrath
Missiles
 b - 2 curare-tipped darts
 g - 2 atropa-tipped darts
 I - 28 poisoned darts
 O - 5 throwing nets
 R - 23 boomerangs (quivered)
Armour
 c - the +2 pair of boots of Fuxtem (worn) {rElec rCorr Str-4}
   (You found it in a Gauntlet)

   Str:       It affects your strength (-4).
   rElec:     It insulates you from electricity.
   rCorr:     It protects you from acid and corrosion.
 p - a +0 cloak (worn)
 K - a +2 kite shield of cold resistance (worn)
 Q - a +0 pair of gloves (worn)
 S - a +1 hat (worn)
 T - +0 swamp dragon scales
 U - the +5 plate armour of the Evening (worn) {Dex+3}
   (You found it on level 5 of the Pits of Slime)

   Dex:       It affects your dexterity (+3).
Magical Staves
 N - a staff of earth
Jewellery
 e - a +6 ring of intelligence
 h - a ring of fire
 n - the ring "Rehad" {Wiz Int+3}
   (You took it off a minotaur in a Gauntlet)

   [ring of wizardry]

   It improves your spell success rate.
   Int:       It affects your intelligence (+3).
 y - the ring "Patucoq" {AC+4 Str+5}
   (You found it on level 5 of the Pits of Slime)

   [ring of protection]

   AC:        It affects your AC (+4).
   Str:       It affects your strength (+5).
 B - a ring of protection from cold
 C - a +4 ring of slaying (right hand)
 X - the ring "Ziem" (left hand) {rF+ Slay+3}
   (You found it on level 5 of the Pits of Slime)

   [ring of protection from fire]

   Slay:      It affects your accuracy & damage with ranged weapons and melee
   (+3).
   rF:        It protects you from fire.
 Y - a ring of magical power
 Z - a ring of ice
Wands
 a - a wand of digging (12)
 x - a wand of iceblast (7)
 L - a wand of paralysis (7)
 M - a wand of flame (24)
 P - a wand of mindburst (23)
 V - a wand of acid (9)
Scrolls
 f - 10 scrolls of teleportation
 m - 2 scrolls of summoning
 o - a scroll of fog
 E - a scroll of amnesia
 G - 3 scrolls of identify
 H - a scroll of fear
Potions
 d - 5 potions of might
 j - a potion of berserk rage
 l - 2 potions of lignification
 r - a potion of resistance
 t - 4 potions of flight
 w - 9 potions of curing
 A - 5 potions of haste
 D - 3 potions of mutation
 F - 4 potions of invisibility
 J - 2 potions of cancellation
Miscellaneous
 s - a phial of floods


   Skills:
 - Level 12.0 Fighting
 - Level 16.0(18.0) Axes
 - Level 9.5(13.8) Maces & Flails
 + Level 10.3(14.3) Polearms
 - Level 14.0 Throwing
 - Level 15.0 Armour
 + Level 9.3 Dodging
 - Level 12.0 Shields
 * Level 10.6 Evocations


You had 16 spell levels left.
You didn't know any spells.
Your spell library contained the following spells:

 Spells                   Type           Power      Damage    Failure   Level
 Foxfire                  Conj/Fire      0%         2x1d4     100%        1
 Sting                    Tmut/Pois      0%         1d3       100%        1
 Ensorcelled Hibernation  Hex/Ice        0%         N/A       100%        2
 Passwall                 Tmut/Erth      0%         N/A       100%        2
 Scorch                   Fire           0%         2d5       100%        2
 Ignite Poison            Fire/Tmut/Pois 0%         N/A       100%        3
 Ozocubu's Armour         Ice            0%         N/A       100%        3
 Swiftness                Air            0%         N/A       100%        3
 Airstrike                Air            0%         N/A       100%        4
 Animate Armour           Summ/Erth      0%         N/A       100%        4
 Flame Wave               Conj/Fire      0%         2d4       100%        4
 Olgreb's Toxic Radiance  Pois           0%         N/A       100%        4
 Summon Lightning Spire   Summ/Air       0%         N/A       100%        4
 Alistair's Intoxication  Tmut/Pois      0%         N/A       100%        5
 Blade Hands              Tmut           0%         N/A       100%        5
 Borgnjor's Vile Clutch   Necr/Erth      0%         N/A       100%        5
 Lightning Bolt           Conj/Air       0%         1d11      100%        5
 Metabolic Englaciation   Hex/Ice        0%         N/A       100%        5
 Summon Forest            Summ/Tloc      0%         N/A       100%        5
 Eringya's Noxious Bog    Tmut/Pois      0%         N/A       100%        6
 Iron Shot                Conj/Erth      0%         9d1       100%        6
 Simulacrum               Ice/Necr       0%         N/A       100%        6
 Summon Cactus Giant      Summ           0%         N/A       100%        6
 Haunt                    Necr/Summ      0%         N/A       100%        7
 Malign Gateway           Summ/Tloc      0%         N/A       100%        7
 Ozocubu's Refrigeration  Ice            0%         4d5       100%        7
 Ignition                 Fire           0%         3d3       100%        8
 Summon Horrible Things   Summ           0%         N/A       100%        8


Dungeon Overview and Level Annotations

Branches:
Dungeon (15/15)            Temple (1/1) D:6            Lair (6/6) D:9
  Swamp (3/4) Lair:4       Spider (0/4) Lair:3        Slime (5/5) Lair:6
    Orc (2/2) D:12            Elf (0/3) Orc:2        Vaults (0/5) D:13
 Depths (0/4) D:15          Sewer (visited)           IceCv (visited)
Volcano (visited)         Gauntlet (visited)

Altars:
Ashenzari
Cheibriados
Dithmenos
Elyvilon
Fedhas
Gozag
Hepliaklqana
Kikubaaqudgha
Makhleb
Nemelex Xobeh
Okawaru
Qazlal
Ru
Sif Muna
Trog
Uskayaw
Vehumet
Wu Jian
Xom
Yredelemnul
Zin
The Shining One
Beogh
Jiyva
Lugonu

Shops:
D:5 !   D:15 *   Orc:2 :(!(

Portals:
Abyss: Lair:6

Annotations:
Swamp:2 2 transporters, KCGemini's ghost, journeyman FeBe
Slime:5 Royal Jelly


Innate Abilities, Weirdness & Mutations

You have a pair of horns on your head.
You reflexively headbutt those who attack you in melee.
You are partially covered in iridescent scales. (AC +2)
You have supernaturally acute eyesight. (SInv)
You tend to lose your temper in combat.
Armour fits poorly on your strangely shaped body.
Your body sometimes deteriorates upon taking damage.
You are dopey. (Int -2)
Your flesh is very heat resistant. (rF++)
You are somewhat resistant to further mutation.
Your system is resistant to poisons. (rPois)
You are very robust. (+20% HP)
You do not regenerate when monsters are visible.
You have a small jelly attached to you that senses nearby items.


Message History

You hit the rockslime but do no damage. You block the rockslime's attack.
You hit the rockslime. You headbutt the rockslime.
The rockslime is lightly wounded.
The rockslime hits you.
You hold your ground!
You hit the rockslime but do no damage.
The rockslime is lightly wounded.
The rockslime barely misses you. You furiously retaliate!
You headbutt the rockslime! You hit the rockslime.
You headbutt the rockslime, but do no damage.
The rockslime is heavily wounded.
You hit the rockslime.
The rockslime is heavily wounded.
The rockslime hits you.
You hold your ground!
You hit the rockslime but do no damage.
The rockslime is heavily wounded.
The rockslime barely misses you.
You slash the rockslime! Your headbutt misses the rockslime.
The rockslime is severely wounded.
The rockslime hits you.
You hold your ground!
You hit the rockslime. You headbutt the rockslime!
The rockslime is almost dead.
The rockslime hits you!!
* * * LOW HITPOINT WARNING * * *
Your body deteriorates!
You feel dopey.
You hold your ground!
You hit the rockslime but do no damage.
You headbutt the rockslime, but do no damage.
The rockslime is almost dead.
You are no longer corroded.
The rockslime hits you but does no damage.
You hit the rockslime but do no damage.
The rockslime is almost dead.
The rockslime hits you!!
* * * LOW HITPOINT WARNING * * *
You hold your ground!
You hit the rockslime but do no damage.
The rockslime is almost dead.
The rockslime hits you!
You die...

♣♣♣♣ ♣♣♣♣♣♣♣♣ ♣≈≈♣♣♣♣♣♣
♣♣J.....♣♣ ♣♣♣♣♣ .≈≈...≈.♣♣♣♣♣
♣@§≈.≈≈≈.♣ ♣.≈.♣♣♣
≈≈..........♣♣♣♣≈≈≈.≈≈≈.♣♣♣.≈≈.≈≈
..♣♣♣♣.≈≈≈≈...♣♣≈..^≈..♣♣♣≈≈≈≈...
..≈♣≈≈.≈≈≈≈≈≈).♣....♣......≈≈≈...
..≈♣♣♣.≈≈≈≈≈))..≈≈...≈≈..≈≈≈§≈...
..≈♣♣♣§≈≈≈≈≈.♣≈.§≈..≈≈≈..≈≈≈...≈≈
..§.≈♣..≈≈..♣♣♣.≈≈<.≈≈≈......≈♣.≈
........≈§≈♣♣ ♣♣♣≈≈♣♣.≈.≈........
♣♣.....≈...♣ ♣♣♣≈≈≈≈≈.♣...≈≈.≈


You could see a rockslime.

Vanquished Creatures
  Nikola (Swamp:3)
  Jorgrun (Swamp:2)
  Gastronok (D:11)
  A thorn hunter (Swamp:3)
  A fenstrider witch (Swamp:1)
  A frost giant (IceCv)
  A rockslime (Swamp:2)
  An ironbound preserver (D:13)
  2 eleionomae (Swamp:3)
  Azrael (D:13)
  3 bunyips
  A minotaur (Gauntlet)
  Snorg (Lair:3)
  Josephine (D:15)
  An ettin (D:15)
  A fire dragon (D:14)
  Fannar (Lair:3)
  2 shambling mangroves
  8 hydras
  Harold (D:8)
  A great orb of eyes (Swamp:2)
  4 boulder beetles
  4 centaur warriors
  3 ogre magi
  14 two-headed ogres
  5 alligators
  26 death yaks
  3 large abominations
  7 orc high priests (Orc:2)
  3 thrashing horrors (Lair:6)
  Urug (Lair:2)
  4 goliath frogs
  6 spriggan druids
  3 deep trolls (D:15)
  2 swamp dragons (Swamp:2)
  A deep troll (shapeshifter) (D:13)
  A wizard (D:14)
  7 bog bodies
  6 orc knights
  2 necromancers
  A deep elf pyromancer (D:15)
  5 salamanders (Volcano)
  6 cyclopes
  4 manticores
  A moth of wrath (Swamp:2)
  2 will-o-the-wisps
  4 black mambas
  Joseph (Lair:1)
  An ice statue (IceCv)
  22 elephants
  3 eyes of devastation (Swamp:2)
  2 smoke demons (Lair:6)
  2 gargoyles (D:13)
  An unseen horror (D:12)
  8 komodo dragons
  9 cane toads
  3 kobold demonologists (D:13)
  2 demonic crawlers (D:15)
  2 rime drakes
  2 ancient zymes (Lair:6)
  An efreet (D:13)
  3 trolls
  12 tyrant leeches
  18 polar bears (IceCv)
  14 hornets
  A meliai (D:13)
  A slime creature (Swamp:2)
  24 blink frogs
  A centaur simulacrum (D:14)
  14 spriggans
  6 wraiths
  A ynoxinul (Lair:6)
  3 water elementals (D:14)
  2 fire elementals (D:13)
  A shadow (D:9)
  A vampire (D:10)
  4 wyverns
  3 basilisks
  61 yaks
  A basilisk (shapeshifter) (D:13)
  A redback (Lair:3)
  3 steam dragons
  3 chaos spawn (Lair:6)
  Grum (Lair:1)
  24 vampire mosquitoes
  Edmund (D:4)
  Menkaure (D:6)
  8 wargs (Orc:2)
  9 swamp worms
  2 hell hounds (D:13)
  2 acid dragons
  12 water moccasins
  Duvessa (D:7)
  A floating eye (Swamp:2)
  A swamp drake (Swamp:1)
  An ice beast (D:6)
  17 orc warriors
  A sky beast (D:6)
  7 ogres
  A black bear (Lair:1)
  29 wolves
  8 centaurs
  15 small abominations
  3 kobold brigands
  2 two-headed ogre simulacra (D:13)
  7 bullfrogs
  A scorpion (D:4)
  Dowan (D:7)
  4 wights
  3 electric eels (D:14)
  3 centaur zombies
  2 gnoll shamans
  A hound (D:5)
  27 orc priests
  79 jellies
  A centaur skeleton (D:6)
  4 iguanas
  Ijyb (D:4)
  16 orc wizards
  7 hell rats
  2 troll simulacra (D:13)
  2 spriggan simulacra (D:13)
  5 yak simulacra (Lair:3)
  2 polar bear simulacra (Lair:3)
  3 wolf simulacra
  A killer bee zombie (D:9)
  13 gnolls
  2 howler monkey zombies
  A naga simulacrum (D:13)
  8 adders
  3 river rats
  2 white imps
  An ufetubus (D:6)
  3 worms
  A dart slug (D:3)
  74 orcs
  9 bats
  13 endoplasms
  5 giant cockroaches
  6 goblins
  12 hobgoblins
  3 jackals (D:1)
  3 quokkas
  3 training dummies (Orc:2)
  8 ball pythons
  7 frilled lizards
  17 kobolds
  8 rats
  A river rat simulacrum (Lair:3)
916 creatures vanquished.

Vanquished Creatures (collateral kills)
  2 two-headed ogres (D:11)
  A gargoyle (D:12)
  An unseen horror (D:12)
  2 yaks (D:9)
  A centaur (D:11)
  A yak simulacrum (Lair:3)
8 creatures vanquished.

Vanquished Creatures (others)
  An eleionoma (Swamp:3)
  A spriggan (Swamp:3)
  A wizard (D:15)
  A deep elf pyromancer (D:13)
  A komodo dragon (D:12)
  2 bloated husks
  A hornet (Swamp:3)
  A tyrant leech (Swamp:3)
  A blink frog (Lair:6)
  2 slime creatures
  2 shadows (D:13)
  A fire bat (shapeshifter) (Lair:6)
  A yak (Lair:5)
  A water moccasin (D:7)
  2 wargs (Orc:2)
  A swamp drake (Swamp:2)
  2 black bears (D:6)
  3 wolves
  A bullfrog (D:7)
  A scorpion (D:7)
  2 wights (D:6)
  2 howler monkeys (D:12)
  106 jellies
  A jelly (shapeshifter) (Lair:6)
  3 orc priests (Orc:2)
  A howler monkey skeleton (D:7)
  3 gnolls (D:8)
  A shadow imp (D:7)
  3 worms (D:8)
  3 orcs (Orc:2)
  A giant cockroach (Sewer)
  2 rats (D:8)
  A bush (Lair:5)
  11 demonic plants (D:13)
  11 foxfires
  162 fungi
  157 plants
497 creatures vanquished.

Grand Total: 1421 creatures vanquished

Notes
Turn   | Place    | Note
-------+----------+-------------------------------------------
     0 | D:1      | mcbry74 the Minotaur Fighter began the quest for the Orb.
     0 | D:1      | Reached XP level 1. HP: 19/19 MP: 0/0
    86 | D:1      | Reached XP level 2. HP: 27/27 MP: 1/1
   294 | D:1      | Reached skill level 3 in Axes
   776 | D:2      | Reached XP level 3. HP: 19/33 MP: 2/2
   779 | D:2      | Identified the +7 dagger "Gibbinod" {vorpal, rN+}
  1007 | D:2      | Identified the +4 hand axe of the Trees {flame, rElec rC+
                  | Will+++ MP-9}
  1556 | D:2      | Reached skill level 4 in Axes
  1698 | D:3      | Reached XP level 4. HP: 40/40 MP: 0/3
  1967 | D:3      | Noticed an ogre
  1977 | D:3      | Killed an ogre
  1978 | D:3      | Reached skill level 5 in Axes
  1978 | D:3      | Reached XP level 5. HP: 46/46 MP: 0/4
  2001 | D:3      | Reached skill level 5 in Armour
  2606 | D:4      | Noticed Edmund
  2616 | D:4      | Killed Edmund
  2617 | D:4      | Reached skill level 6 in Axes
  2617 | D:4      | Reached XP level 6. HP: 29/52 MP: 0/5
  2881 | D:4      | Noticed Ijyb
  2897 | D:4      | Killed Ijyb
  2997 | D:4      | Reached skill level 7 in Axes
  3402 | D:5      | Entered Level 5 of the Dungeon
  3408 | D:5      | Reached XP level 7. HP: 59/59 MP: 0/6
  3433 | D:5      | Reached skill level 1 in Throwing
  3734 | D:5      | Identified the +3 dagger "Fimuar" {vamp, rF- rC+++ Will+}
  3846 | D:5      | Found a glowing drain.
  3859 | Sewer    | Entered a sewer
  3935 | Sewer    | Reached skill level 8 in Axes
  3958 | Sewer    | Found a viscous altar of Jiyva.
  4049 | Sewer    | Became a worshipper of Jiyva Jugoifea the Shapeless
  4200 | D:5      | Found Mixaec's Distillery.
  4232 | D:5      | Bought a potion of lignification for 33 gold pieces
  4232 | D:5      | Bought a potion of curing for 33 gold pieces
  4232 | D:5      | Bought a potion of cancellation for 88 gold pieces
  4476 | D:5      | Reached * piety under Jiyva
  4641 | D:6      | Reached XP level 8. HP: 66/66 MP: 0/7
  4665 | D:6      | Reached skill level 9 in Axes
  4667 | D:6      | Found a basalt altar of Yredelemnul.
  4681 | D:6      | Found a staircase to the Ecumenical Temple.
  4983 | D:6      | Reached ** piety under Jiyva
  5019 | D:6      | Noticed Menkaure
  5026 | D:6      | Killed Menkaure
  5358 | D:6      | Reached skill level 10 in Axes
  5510 | D:6      | Found an ancient bone altar of Kikubaaqudgha.
  5680 | D:6      | Found a radiant altar of Vehumet.
  5689 | D:6      | Got Vehumet's Tome of Conjuration
  5698 | D:6      | Found a shimmering blue altar of Sif Muna.
  6233 | D:7      | Found a glowing golden altar of the Shining One.
  6296 | D:7      | Reached *** piety under Jiyva
  6352 | D:7      | Reached XP level 9. HP: 62/71 MP: 0/8
  6404 | D:7      | Found a stormy altar of Qazlal.
  6406 | D:7      | Found an ornate altar of the Wu Jian Council.
  6406 | D:7      | Found a broken altar of Ashenzari.
  6408 | D:7      | Found a bloodstained altar of Trog.
  6408 | D:7      | Found an ancient bone altar of Kikubaaqudgha.
  6408 | D:7      | Found a shimmering altar of Xom.
  6452 | D:7      | Noticed a troll
  6457 | D:7      | Killed a troll
  6572 | D:7      | Noticed Dowan
  6573 | D:7      | Noticed Duvessa
  6589 | D:7      | Killed Duvessa
  6590 | D:7      | Reached skill level 11 in Axes
  6591 | D:7      | Killed Dowan
  6808 | D:8      | Noticed Harold
  6826 | D:8      | Killed Harold
  6827 | D:8      | Reached skill level 5 in Throwing
  6883 | D:8      | Found a sacrificial altar of Ru.
  6905 | D:8      | Gained mutation: Your body has grown eyes which may confuse
                  | attackers. (Acc +3) [Jiyva's grace]
  6905 | D:8      | Gained mutation: Your body has grown many eyes which may
                  | confuse attackers. (Acc +5) [Jiyva's grace]
  6905 | D:8      | Gained mutation: Your body is covered in eyes which may
                  | confuse attackers. (Acc +7, SInv) [Jiyva's grace]
  6905 | D:8      | Gained mutation: Armour fits poorly on your pseudopods.
                  | [Jiyva's grace]
  7047 | D:8      | Reached **** piety under Jiyva
  7097 | D:8      | Noticed a moth of wrath
  7100 | D:8      | Found a bloodstained altar of Trog.
  7235 | D:8      | Reached skill level 12 in Axes
  7621 | D:9      | Reached XP level 10. HP: 56/78 MP: 0/9
  7687 | D:9      | Found a staircase to the Lair.
  7687 | D:9      | Noticed a death yak
  7692 | D:9      | Noticed a death yak
  7693 | D:9      | Noticed a death yak
  7703 | D:9      | Killed a death yak
  7704 | D:9      | Reached skill level 13 in Axes
  7704 | D:9      | Reached skill level 10 in Armour
  7784 | D:8      | Killed a death yak
  8023 | D:9      | Found a burning altar of Makhleb.
  8024 | D:9      | Reached ***** piety under Jiyva
  8445 | D:9      | Killed a death yak
  8447 | D:9      | Reached skill level 14 in Axes
  8557 | D:10     | Entered Level 10 of the Dungeon
  8799 | D:10     | Reached skill level 5 in Fighting
  8799 | D:10     | Reached skill level 5 in Shields
  8831 | D:10     | Reached XP level 11. HP: 43/86 MP: 1/10
  8883 | D:10     | Found an iron altar of Okawaru.
  8966 | D:10     | Gained mutation: Your melee attacks may engulf your foes in
                  | ooze. [Jiyva's grace]
  8966 | D:10     | Gained mutation: You have an increased reservoir of magic.
                  | (+10% MP) [Jiyva's grace]
  8966 | D:10     | Gained mutation: You have a considerably increased
                  | reservoir of magic. (+20% MP) [Jiyva's grace]
  8966 | D:10     | Gained mutation: You have a greatly increased reservoir of
                  | magic. (+30% MP) [Jiyva's grace]
  9252 | D:11     | Found a flickering gateway to a bazaar.
  9261 | Bazaar   | Entered a bazaar
  9282 | Bazaar   | Found Vucil Vust's Antique Weapon Shoppe.
  9298 | Bazaar   | Found Teiw's Antique Armour Shoppe.
  9298 | Bazaar   | Found Peyhuv's Armour Emporium.
  9320 | Bazaar   | Found Dowithuq's Magic Scroll Shoppe.
  9320 | Bazaar   | Found Leischoez's Antique Armour Emporium.
  9369 | Bazaar   | Bought a warped scale mail for 126 gold pieces
  9369 | Bazaar   | Identified the +3 scale mail of Cocytus {rElec rPois rC-}
                  | (You bought it in a shop in a bazaar)
  9594 | D:11     | Noticed Gastronok
  9616 | D:11     | Killed Gastronok
  9720 | D:11     | Noticed a two-headed ogre
  9738 | D:11     | Noticed a two-headed ogre
  9760 | D:11     | Killed a two-headed ogre
  9764 | D:11     | Killed a two-headed ogre
 10114 | D:11     | Reached ****** piety under Jiyva
 10195 | D:12     | Reached skill level 15 in Axes
 10322 | D:12     | Found a staircase to the Orcish Mines.
 10332 | D:12     | Noticed a two-headed ogre
 10342 | D:12     | Killed a two-headed ogre
 10387 | D:12     | Lost mutation: You have a greatly increased reservoir of
                  | magic. (+30% MP) [Jiyva's grace]
 10387 | D:12     | Lost mutation: Your melee attacks may engulf your foes in
                  | ooze. [Jiyva's grace]
 10387 | D:12     | Gained mutation: You are partially covered in iridescent
                  | scales. (AC +2) [Jiyva's grace]
 10387 | D:12     | Gained mutation: You are mostly covered in iridescent
                  | scales. (AC +4) [Jiyva's grace]
 10387 | D:12     | Gained mutation: You are completely covered in iridescent
                  | scales. (AC +6) [Jiyva's grace]
 10387 | D:12     | Gained mutation: You are somewhat resistant to further
                  | mutation. [Jiyva's grace]
 10408 | D:12     | Noticed a two-headed ogre
 10423 | D:12     | Killed a two-headed ogre
 10473 | D:12     | Noticed a five-headed hydra
 10484 | D:12     | Killed a one-headed hydra
 10739 | D:12     | Reached XP level 12. HP: 100/100 MP: 4/13
 10850 | D:12     | Found a sparkling altar of Nemelex Xobeh.
 11268 | Lair:1   | Entered Level 1 of the Lair of Beasts
 11303 | Lair:1   | Noticed Joseph
 11329 | Lair:1   | Killed Joseph
 11392 | Lair:1   | Noticed Grum
 11398 | Lair:1   | Killed Grum
 11399 | Lair:1   | Reached skill level 16 in Axes
 11557 | Lair:1   | Reached skill level 1 in Maces & Flails
 11564 | Lair:1   | Reached skill level 1 in Polearms
 11587 | Lair:1   | Reached skill level 1 in Dodging
 12174 | Lair:2   | Reached skill level 1 in Evocations
 12184 | Lair:2   | Noticed a death yak
 12186 | Lair:2   | Noticed a death yak
 12187 | Lair:2   | Noticed a death yak
 12241 | Lair:2   | Killed a death yak
 12275 | Lair:1   | Killed a death yak
 12412 | Lair:2   | Killed a death yak
 12678 | Lair:2   | Noticed Urug
 12683 | Lair:2   | Noticed a boulder beetle
 12688 | Lair:2   | Killed Urug
 12696 | Lair:2   | Killed a boulder beetle
 12828 | Lair:2   | Identified the +1 ring mail of the Trout {rPois Str-5 Dex+9
                  | Slay-5}
 13034 | Lair:2   | Noticed a four-headed hydra
 13047 | Lair:2   | Killed a one-headed hydra
 13247 | Lair:2   | Reached XP level 13. HP: 100/108 MP: 5/14
 13738 | Lair:3   | Found a gate leading to a gauntlet.
 13747 | Gauntlet | Entered a Gauntlet
 13747 | Gauntlet | Lost mutation: You have a considerably increased reservoir
                  | of magic. (+20% MP) [Jiyva's grace]
 13747 | Gauntlet | Lost mutation: Armour fits poorly on your pseudopods.
                  | [Jiyva's grace]
 13747 | Gauntlet | Gained mutation: You have a small jelly attached to you
                  | that senses nearby items. [Jiyva's grace]
 13747 | Gauntlet | Gained mutation: You have a small jelly attached to you
                  | that may absorb projectiles. [Jiyva's grace]
 13747 | Gauntlet | Gained mutation: You expend magic power (3 MP) to
                  | strengthen your wands. [Jiyva's grace]
 13747 | Gauntlet | Gained mutation: You are covered in fur. (AC +1) [Jiyva's
                  | grace]
 13747 | Gauntlet | Found a transporter.
 13747 | Gauntlet | Found a transporter.
 13749 | Gauntlet | Found a transporter.
 13749 | Gauntlet | Found a transporter.
 13752 | Gauntlet | Found a transporter.
 13826 | Gauntlet | Identified the ring "Sahiasch" {rPois rC- Int+6 Dex+5}
 13851 | Gauntlet | Found a transporter.
 13890 | Gauntlet | Found a transporter.
 13890 | Gauntlet | Found a transporter.
 13916 | Gauntlet | Reached skill level 10 in Throwing
 13919 | Gauntlet | Found a transporter.
 13921 | Gauntlet | Noticed a quicksilver ooze
 13930 | Gauntlet | Found a transporter.
 13932 | Gauntlet | Noticed a green death
 13961 | Gauntlet | Found a transporter.
 13962 | Gauntlet | Identified the +2 pair of boots of Fuxtem {rElec rCorr
                  | Str-4}
 13968 | Gauntlet | Found a transporter.
 13975 | Gauntlet | Identified the ring "Rehad" {Wiz Int+3}
 13975 | Gauntlet | Noticed a minotaur
 13982 | Gauntlet | Killed a minotaur
 14402 | Temple   | Entered the Ecumenical Temple
 14882 | Lair:1   | Identified a scroll of acquirement
 14882 | Lair:1   | Acquired 703 gold pieces
 15073 | Lair:4   | Found a staircase to the Swamp.
 15840 | Lair:5   | Reached skill level 5 in Polearms
 15846 | Lair:5   | Reached skill level 5 in Maces & Flails
 16034 | Lair:5   | Reached skill level 5 in Dodging
 16044 | Lair:5   | Reached skill level 5 in Evocations
 16050 | Lair:5   | Reached XP level 14. HP: 102/118 MP: 5/14
 16105 | Lair:5   | Lost mutation: You are completely covered in iridescent
                  | scales. (AC +6) [Jiyva's grace]
 16105 | Lair:5   | Lost mutation: You are covered in fur. (AC +1) [Jiyva's
                  | grace]
 16105 | Lair:5   | Gained mutation: Your muscles are strong. (Str +2) [Jiyva's
                  | grace]
 16105 | Lair:5   | Gained mutation: Your muscles are very strong. (Str +4)
                  | [Jiyva's grace]
 16105 | Lair:5   | Gained mutation: Your melee attacks may engulf your foes in
                  | ooze. [Jiyva's grace]
 16105 | Lair:5   | Gained mutation: Armour fits poorly on your pseudopods.
                  | [Jiyva's grace]
 16571 | Lair:6   | Entered Level 6 of the Lair of Beasts
 16736 | Lair:6   | Found a staircase to the Slime Pits.
 17397 | Lair:6   | Found a corrupted altar of Lugonu.
 17397 | Lair:6   | Found a one-way gate to the infinite horrors of the Abyss.
 17402 | Lair:6   | Reached skill level 10 in Shields
 17882 | Lair:3   | Lost mutation: You are mostly covered in iridescent scales.
                  | (AC +4) [Jiyva's grace]
 17882 | Lair:3   | Lost mutation: Your muscles are very strong. (Str +4)
                  | [Jiyva's grace]
 17882 | Lair:3   | Lost mutation: Your body is covered in eyes which may
                  | confuse attackers. (Acc +7, SInv) [Jiyva's grace]
 17882 | Lair:3   | Lost mutation: Armour fits poorly on your pseudopods.
                  | [Jiyva's grace]
 17882 | Lair:3   | Lost mutation: You have a small jelly attached to you that
                  | may absorb projectiles. [Jiyva's grace]
 17882 | Lair:3   | Lost mutation: You expend magic power (3 MP) to strengthen
                  | your wands. [Jiyva's grace]
 17882 | Lair:3   | Gained mutation: Your system is resistant to poisons.
                  | (rPois) [Jiyva's grace]
 17882 | Lair:3   | Gained mutation: You have supernaturally acute eyesight.
                  | (SInv) [Jiyva's grace]
 17882 | Lair:3   | Gained mutation: You are robust. (+10% HP) [Jiyva's grace]
 17882 | Lair:3   | Gained mutation: You are very robust. (+20% HP) [Jiyva's
                  | grace]
 17890 | Lair:3   | Identified the +4 dire flail of the Apocalypse {venom, rF+
                  | rC+ Int-2}
 17939 | Lair:3   | Reached skill level 10 in Fighting
 17969 | Lair:3   | Noticed Fannar
 17976 | Lair:3   | Killed Fannar
 17988 | Lair:3   | Found a hole to the Spider Nest.
 18259 | Lair:3   | Noticed Snorg
 18278 | Lair:3   | Killed Snorg
 18988 | Slime:1  | Entered Level 1 of the Pits of Slime
 18988 | Slime:1  | Noticed a quicksilver ooze
 19120 | Slime:2  | Noticed a rockslime
 19245 | Slime:3  | Noticed a rockslime
 19253 | Slime:3  | Noticed a rockslime
 19253 | Slime:3  | Noticed an acid blob
 19264 | Slime:3  | Noticed a quicksilver ooze
 19280 | Slime:3  | Noticed a quicksilver ooze
 19280 | Slime:3  | Noticed an acid blob
 19474 | Slime:4  | Noticed an acid blob
 19512 | Slime:4  | Noticed an azure jelly
 19524 | Slime:4  | Noticed an acid blob
 19532 | Slime:4  | Noticed an acid blob
 19688 | Slime:5  | Entered Level 5 of the Pits of Slime
 19688 | Slime:5  | Noticed an azure jelly
 19690 | Slime:5  | Noticed an acid blob
 19692 | Slime:5  | Noticed a rockslime
 19746 | Slime:5  | Noticed an acid blob
 19783 | Slime:5  | Noticed a quicksilver ooze
 19787 | Slime:5  | Noticed an acid blob
 19792 | Slime:5  | Noticed an acid blob
 19800 | Slime:5  | Noticed the Royal Jelly
 19803 | Slime:5  | Noticed an azure jelly
 19833 | Slime:5  | Noticed an acid blob
 19877 | Slime:5  | Found a viscous altar of Jiyva.
 19877 | Slime:5  | Noticed an acid blob
 19884 | Slime:5  | Got Iwnot's Reference Book on Supportive Poisoning
 19886 | Slime:5  | Identified the ring "Patucoq" {AC+4 Str+5}
 19897 | Slime:5  | Identified the +5 plate armour of the Evening {Dex+3}
 19910 | Slime:5  | Identified the +5 scimitar of Ashenzari's Hope {elec, rN+
                  | rCorr}
 19912 | Slime:5  | Got a slimy rune of Zot
 19913 | Slime:5  | Identified the ring "Ziem" {rF+ Slay+3}
 19918 | Slime:5  | Identified the +6 ring mail of Qyuweefe {Contam Harm Fly
                  | Dex+7}
 19937 | Slime:5  | Noticed an acid blob
 19939 | Slime:5  | Identified the +5 long sword of Ignis's Delight {speed,
                  | rPois rF+}
 19945 | Slime:5  | Noticed an acid blob
 19948 | Slime:5  | Noticed an azure jelly
 19954 | Slime:5  | Noticed an acid blob
 20070 | Slime:4  | Noticed a rockslime
 20099 | Slime:4  | Noticed a rockslime
 20204 | Slime:1  | Noticed an acid blob
 20204 | Slime:1  | Noticed an acid blob
 20219 | Slime:1  | Noticed an acid blob
 20283 | Slime:1  | Noticed an acid blob
 20645 | Orc:1    | Entered Level 1 of the Orcish Mines
 20949 | Orc:1    | Found a bloodstained altar of Trog.
 21229 | Orc:2    | Entered Level 2 of the Orcish Mines
 21241 | Orc:2    | Reached XP level 15. HP: 101/151 MP: 15/15
 21416 | Orc:2    | Found Ezikhlelyots's Antique Weapon Boutique.
 21432 | Orc:2    | Found Necumm's Distillery.
 21498 | Orc:2    | Found a dark tunnel.
 21507 | Volcano  | Entered a volcano
 22027 | Orc:2    | Found Xuycweut's Firing Range.
 22242 | Orc:2    | Found Vipiuff's Book Boutique.
 22242 | Orc:2    | Found Buddaumo's Armour Emporium.
 22320 | Orc:2    | Lost mutation: You have an increased reservoir of magic.
                  | (+10% MP) [Jiyva's grace]
 22320 | Orc:2    | Lost mutation: Your body has grown many eyes which may
                  | confuse attackers. (Acc +5) [Jiyva's grace]
 22320 | Orc:2    | Gained mutation: You are extremely robust. (+30% HP)
                  | [Jiyva's grace]
 22320 | Orc:2    | Gained mutation: Your flesh is heat resistant. (rF+)
                  | [Jiyva's grace]
 22320 | Orc:2    | Gained mutation: Your flesh is very heat resistant. (rF++)
                  | [Jiyva's grace]
 22320 | Orc:2    | Gained mutation: Your flesh is almost immune to the effects
                  | of heat. (rF+++) [Jiyva's grace]
 22439 | Orc:2    | Found a staircase to the Elven Halls.
 22624 | D:13     | Found a corrupted altar of Lugonu.
 22833 | D:13     | Found a gate to the Vaults.
 22910 | D:13     | Noticed Azrael
 22934 | D:13     | Killed Azrael
 23007 | D:13     | Found a frozen archway.
 23017 | IceCv    | Entered an ice cave
 23405 | IceCv    | Noticed a frost giant
 23447 | IceCv    | Killed a frost giant
 24653 | D:14     | Lost mutation: Your flesh is almost immune to the effects
                  | of heat. (rF+++) [Jiyva's grace]
 24653 | D:14     | Lost mutation: You are extremely robust. (+30% HP) [Jiyva's
                  | grace]
 24653 | D:14     | Lost mutation: Your muscles are strong. (Str +2) [Jiyva's
                  | grace]
 24653 | D:14     | Lost mutation: Your melee attacks may engulf your foes in
                  | ooze. [Jiyva's grace]
 24653 | D:14     | Gained mutation: Your rubbery body absorbs attacks. (AC +1,
                  | EV +1) [Jiyva's grace]
 24653 | D:14     | Gained mutation: Your pliable body absorbs attacks. (AC +2,
                  | EV +2) [Jiyva's grace]
 24653 | D:14     | Gained mutation: Your gelatinous body deflects attacks. (AC
                  | +3, EV +3) [Jiyva's grace]
 24653 | D:14     | Gained mutation: You are agile. (Dex +2) [Jiyva's grace]
 25313 | D:15     | Entered Level 15 of the Dungeon
 25429 | D:15     | Reached XP level 16. HP: 108/164 MP: 6/15
 25493 | D:15     | Reached XP level 17. HP: 172/172 MP: 7/16
 25651 | D:15     | Found a staircase to the Depths.
 26096 | D:15     | Noticed Josephine
 26108 | D:15     | Killed Josephine
 26272 | D:15     | Found Gopheblo's Assorted Antiques.
 26646 | Orc:2    | Bought a glowing eveningstar for 648 gold pieces
 26941 | Temple   | Fell from the grace of Jiyva
 26941 | Temple   | Became a worshipper of Zin the Law-Giver
 26942 | Temple   | Donated 19 gold pieces to Zin
 26943 | Temple   | Donated 9 gold pieces to Zin
 28464 | Swamp:1  | Entered Level 1 of the Swamp
 29242 | Swamp:1  | Reached * piety under Zin
 29824 | Swamp:2  | Reached skill level 15 in Armour
 30082 | Swamp:2  | Lost mutation: Your body has grown eyes which may confuse
                  | attackers. (Acc +3) [the all-consuming vengeance of Jiyva]
 30164 | Swamp:2  | Noticed KCGemini's ghost (journeyman FeBe)
 30166 | Swamp:2  | Reached ** piety under Zin
 30167 | Swamp:2  | Found a bloodstained altar of Trog.
 30177 | Swamp:2  | Found a transporter.
 30194 | Swamp:2  | Found a transporter.
 30290 | Swamp:2  | Lost mutation: Your gelatinous body deflects attacks. (AC
                  | +3, EV +3) [the all-consuming vengeance of Jiyva]
 30298 | Swamp:2  | Lost mutation: You are agile. (Dex +2) [mutagenic glow]
 30629 | Swamp:2  | Gained mutation: You do not regenerate when monsters are
                  | visible. [the all-consuming vengeance of Jiyva]
 30629 | Swamp:2  | Gained mutation: You tend to lose your temper in combat.
                  | [the all-consuming vengeance of Jiyva]
 30629 | Swamp:2  | Gained mutation: Your body sometimes deteriorates upon
                  | taking damage. [the all-consuming vengeance of Jiyva]
 31066 | Swamp:3  | Noticed Jorgrun
 31079 | Swamp:2  | Killed Jorgrun
 31227 | Swamp:3  | Reached skill level 10 in Evocations
 31739 | Swamp:3  | Gained mutation: You are dopey. (Int -2) [the all-consuming
                  | vengeance of Jiyva]
 31739 | Swamp:3  | Gained mutation: Armour fits poorly on your strangely
                  | shaped body. [the all-consuming vengeance of Jiyva]
 31739 | Swamp:3  | Lost mutation: Your pliable body absorbs attacks. (AC +2,
                  | EV +2) [the all-consuming vengeance of Jiyva]
 32283 | Swamp:3  | Reached skill level 10 in Polearms
 32401 | Swamp:3  | Noticed Nikola
 32430 | Swamp:3  | HP: 3/175 [Nikola/arc of chain lightning (92)]
 33013 | Swamp:3  | Killed Nikola
 33137 | Swamp:3  | Lost mutation: Your rubbery body absorbs attacks. (AC +1,
                  | EV +1) [the all-consuming vengeance of Jiyva]
 33138 | Swamp:3  | Noticed an acid blob
 33161 | Swamp:2  | HP: 5/175 [rockslime[the all-consuming vengeance of Jiyva]
                  | (30)]
 33162 | Swamp:2  | Mangled by a rockslime

Illustrated notes

Levels and vault maps discovered:
D:1:      wander_arrival_chamber, layout_loops_ring
D:2:      layout_rooms, serial_bayou, serial_bayou_lagoon_a,
          serial_bayou_lake_a, serial_bayou_shore_b, serial_bayou_shore_b,
          minmay_tetromino_l2
D:3:      layout_basic
D:4:      layout_basic, corexii_item_surrounded_by_moat, hangedman_decor_lopped,
          uniq_edmund, uniq_ijyb
D:5:      layout_basic, serial_shops, shop, portal_sewer_entry_d
D:6:      layout_layer_cave, palyth_temple_overflow_mages,
          overflow_temple_1_default, minmay_temple_entry_stoned_glass,
          uniq_menkaure
D:7:      layout_basic, mainiacjoe_overflow_catwalk, doesnt_xom_only_xom,
          uniq_duvessa
D:8:      layout_gridville, tgw_trog, lemuel_round_altar, serial_glass,
          glass_columns_a, glass_columns_b, glass_columns_b, glass_columns_a,
          glass_columns_a, glass_columns_c, glass_columns_a, glass_columns_c,
          uniq_harold
D:9:      layout_loops_ring, bloody_makhleb, dpeg_lair_monsters
D:10:     layout_loops_ring, okawaru_trees_1
D:11:     layout_stronghold, serial_shops, bzr_entry_islet, uniq_gastronok
D:12:     cheibrodos_orc_bank, layout_loops_ring, orc_0_dummy,
          nemelex_xobeh_ov_fountains_minmay
D:13:     kennysheep_kobold_lugonu_temple, layout_loops_corners,
          skrybe_vaults_entry_preservation, portal_ice_cave_entry_ice_simulacra,
          uniq_azrael
D:14:     layout_basic, hex_intersection
D:15:     hangedman_depths_entry_civil_slaughter, layout_grid_maze,
          serial_shops, shop, einodemon_crawler_minivault, uniq_josephine
Temple:   minmay_temple_forest_path
Lair:1:   layout_hall_layers, uniq_grum, uniq_joseph
Lair:2:   layout_small_grid, cheibrodos_lair_caveside_slide, uniq_urug
Lair:3:   layout_regular_city, spider_nest_entry_webs, gauntlet_entry_generic,
          eino_house_with_fridge, uniq_fannar, uniq_snorg
Lair:4:   layout_misc_corridors, swamp_mist
Lair:5:   layout_regular_city
Lair:6:   hellmonk_lair_end_abyssal_woods, layout_misc_corridors, slime_dummy
Swamp:1:  layout_falls_marsh, evilmike_swamp_ruin_house_4
Swamp:2:  layout_basic_swamp, gammafunk_ghost_wrathful_warriors,
          nicolae_swamp_little_tower, swamp_pool2
Swamp:3:  layout_falls_marsh, nicolae_swamp_decorative_isthmus,
          infiniplex_staircase_pool, uniq_jorgrun, uniq_nikola
Slime:1:  layout_caves
Slime:2:  layout_caves
Slime:3:  layout_caves
Slime:4:  layout_caves
Slime:5
Orc:1:    layout_caves, basic_altar, minmay_orc_barracks
Orc:2:    st_orc_town, layout_caves, enter_volcano_1, nicolae_shop_firing_range

Skill      XL: |  1  2  3  4  5  6  7  8  9 10 11 12 13 14 15 16 17 |
---------------+----------------------------------------------------+-----
Axes           | 3 4 5 6 7 8 10 12 14 15 16 | 16.0
Fighting       | 4 5 7 8 9 10 11 12 | 12.0
Armour         | 4 5 6 8 9 10 11 12 13 14 15 | 15.0
Shields        | 4 5 7 8 9 10 11 12 | 12.0
Throwing       | 2 4 6 7 8 9 11 12 13 14 | 14.0
Maces & Flails | 3 5 7 8 9 |  9.5
Polearms       | 3 5 7 8 10 | 10.3
Dodging        | 3 5 6 7 9 |  9.3
Evocations     | 2 5 6 8 10 | 10.6

Action                   |  1- 3 |  4- 6 |  7- 9 | 10-12 | 13-15 | 16-18 || total
-------------------------+-------+-------+-------+-------+-------+-------++-------
Melee: War axe           |    52 |       |       |       |       |       ||    52
       Headbutt          |    11 |    13 |    50 |   152 |   568 |   238 ||  1032
       Hand axe          |    29 |    83 |   228 |   527 |  1702 |   772 ||  3341
       Pseudopods        |       |       |     9 |   140 |   101 |       ||   250
       Morningstar       |       |       |       |       |    23 |    13 ||    36
Throw: Throwing net      |       |     1 |       |       |       |       ||     1
       Dart              |       |     1 |     3 |    35 |       |       ||    39
       Boomerang         |       |       |       |     5 |     2 |     5 ||    12
Invok: Oozemancy         |       |       |       |     1 |       |       ||     1
       Slimify           |       |       |       |       |     1 |       ||     1
       Donate Gold       |       |       |       |       |       |     2 ||     2
       Vitalisation      |       |       |       |       |       |     1 ||     1
  Use: Scroll            |       |       |     5 |     5 |    23 |     6 ||    39
       Potion            |       |       |       |       |     1 |     4 ||     5
 Stab: Confused          |       |       |     1 |    31 |    76 |     6 ||   114
       Distracted        |       |       |       |       |     1 |       ||     1
Armor: Scale mail        |    30 |    11 |       |    96 |    29 |       ||   166
       Ring mail         |       |     2 |    50 |    26 |       |       ||    78
       Plate armour      |       |       |       |       |   666 |   238 ||   904
Dodge: Dodged            |    32 |    26 |    75 |   112 |   343 |   195 ||   783
Block: Buckler           |    16 |     8 |    35 |     2 |       |       ||    61
       Kite shield       |       |       |       |   127 |   860 |   391 ||  1378
